AoeStats
← YouMa

Arena

508297223Analyzed
4v4 RM · 10d ago on Sep 21, 2026· 57m 28s· 8 players
Game mode
Random Map
Map size
Large (8 player)
Population
200
Speed
Normal
Resources
Standard
Victory
Conquest
Starting age
Dark Age
Ending age
Imperial Age
RankedLock teamsTeams togetherTeam positionsShared explorationLock speedFull tech treeHidden civsTurbo modeCheats
Victory
Defeat
🇩🇪 Sicilians · Germany
994
+9
🇩🇪 Malay · Germany
912
+12
🇩🇪 Franks · Germany
865
+13
🇩🇪 Hindustanis · Germany
828
+14
🇺🇸 Italians · United States
842
-13
🇫🇷 Cumans · France
815
-12
🇺🇦 Britons · Ukraine
808
-12
🇺🇸 Bohemians · United States
782
-11
Boundless316
3:25 Loom
12:13 Feudal Age
13:38 Wheelbarrow
12:51 Double-Bit Axe
12:50 Horse Collar
18:52 Castle Age
19:48 Hand Cart
19:47 Bow Saw
19:41 Heavy Plow
He
0:29 Loom
10:55 Feudal Age
13:46 Double-Bit Axe
20:13 Castle Age
18:30 Gold Mining
18:30 Horse Collar
19:13 Stone Mining
30:28 Imperial Age
28:37 Wheelbarrow
28:08 Heavy Plow
28:30 Squires
27:51 Pikeman
29:42 Fortified Wall
29:13 Treadmill Crane
29:46 Fortified Wall
30:19 Hand Cart
31:40 Conscription
31:24 Fletching
31:34 Padded Archer Armor
31:26 Elite Longbowman
33:11 Gold Shaft Mining
32:44 Bodkin Arrow
33:08 Leather Archer Armor
33:59 Masonry
33:45 Murder Holes
33:33 Halberdier
35:18 Bracer
35:49 Ring Archer Armor
36:07 Architecture
37:11 Forging
37:05 Scale Mail Armor
40:26 Yeomen
42:17 Siege Engineers
42:32 Ballistics
42:44 Caravan
49:19 Chemistry
48:20 Town Watch
SirMcMustard
9:03 Loom
11:25 Feudal Age
13:11 Wheelbarrow
13:03 Double-Bit Axe
13:46 Horse Collar
18:35 Forging
21:32 Castle Age
21:58 Bloodlines
21:57 Scale Barding Armor
22:25 Fletching
23:44 Hand Cart
23:18 Town Watch
25:56 Bow Saw
26:12 Chain Barding Armor
28:45 Iron Casting
28:54 Capped Ram
34:13 Steppe Husbandry
36:58 Bodkin Arrow
44:03 Imperial Age
44:13 Ballistics
43:58 Padded Archer Armor
44:46 Heavy Plow
45:50 Two-Man Saw
44:49 Elite Skirmisher
45:35 Thumb Ring
47:01 Crossbowman
49:46 Parthian Tactics
51:46 Cuman Mercenaries
52:12 Conscription
51:19 Heavy Cavalry Archer
54:26 Pikeman
55:12 Scale Mail Armor
recentbutdecent
10:08 Feudal Age
10:32 Horse Collar
10:39 Double-Bit Axe
11:37 Gold Mining
15:13 Stone Mining
18:09 Castle Age
17:39 Fletching
20:41 Heavy Plow
29:34 Thumb Ring
29:41 Bodkin Arrow
29:48 Padded Archer Armor
29:55 Man-at-Arms
30:37 Squires
31:22 Leather Archer Armor
34:13 Ballistics
35:15 Wheelbarrow
42:01 Imperial Age
40:05 Elite Skirmisher
41:51 Forging
43:15 Conscription
45:39 Iron Casting
45:59 Hand Cart
46:03 Scale Mail Armor
51:26 Chemistry
Oligodentrocyt[Mu$ho]
12:16 Feudal Age
16:35 Castle Age
21:02 Husbandry
22:39 Forging
23:01 Scale Barding Armor
37:19 Double-Bit Axe
37:33 Stone Mining
39:56 Wheelbarrow
39:50 Gold Mining
39:45 Horse Collar
42:44 Stone Shaft Mining
42:58 Hand Cart
45:53 Imperial Age
43:43 Hand Cart
43:18 Man-at-Arms
45:08 Heavy Plow
45:04 Long Swordsman
47:13 Two-Handed Swordsman
48:45 Gold Shaft Mining
48:24 Bow Saw
48:47 Crop Rotation
51:42 Forced Levy
52:06 Conscription
51:10 Onager
52:55 Chemistry
51:59 Elite Skirmisher
54:15 Iron Casting
YouMa
12:41 Feudal Age
13:38 Double-Bit Axe
17:58 Castle Age
19:50 Stone Mining
30:18 Imperial Age
32:03 Chemistry
43:38 Shatagni
43:55 Elite Skirmisher
44:39 Padded Archer Armor
44:30 Fletching
46:22 Leather Archer Armor
46:03 Bodkin Arrow
48:21 Bracer
48:52 Ring Archer Armor
50:02 Wheelbarrow
49:40 Bow Saw
51:36 Thumb Ring
ZorroII
10:44 Feudal Age
12:36 Double-Bit Axe
14:32 Wheelbarrow
14:18 Loom
16:54 Castle Age
17:56 Gold Mining
18:21 Bow Saw
19:10 Scale Barding Armor
20:58 Wheelbarrow
22:27 Stone Mining
23:23 Forging
26:07 Ballistics
28:39 Husbandry
29:20 Hand Cart
28:49 Pikeman
30:34 Squires
33:10 Arson
33:45 Murder Holes
35:17 Padded Archer Armor
35:08 Fletching
35:21 Scale Mail Armor
36:07 Iron Casting
40:16 Imperial Age
41:26 Cavalier
43:37 Chain Barding Armor
44:21 Blast Furnace
45:01 Plate Barding Armor
47:26 Capped Ram
48:46 Light Cavalry
48:54 Halberdier
53:02 Paladin
Bronko
10:32 Feudal Age
11:12 Loom
14:39 Castle Age
12:49 Horse Collar
13:14 Double-Bit Axe
19:54 Arson
22:12 Forging
23:51 Scale Mail Armor
25:29 Chain Mail Armor
25:35 Heavy Plow
26:35 Fletching
27:17 Bodkin Arrow
28:37 Iron Casting
32:51 Ballistics
32:46 Squires
36:12 Imperial Age
36:35 Elite Serjeant
38:18 Blast Furnace
38:48 Bow Saw
40:16 Plate Mail Armor
40:29 Stone Mining
42:04 Stone Shaft Mining
41:22 Gold Mining
41:42 Pikeman
44:06 Conscription
45:31 Gold Shaft Mining
45:33 Caravan
48:52 Bracer
48:55 Padded Archer Armor
50:13 Chemistry
48:43 Elite Skirmisher
53:10 Wheelbarrow
52:57 Leather Archer Armor
Connection lost

Rejoining the realm…

Still unreachable

The connection could not be restored.

Session expired

The server has moved on; the page needs a fresh start.